cohdb
Replays
Latest Replays
All Replays
Popular Replays
Top Player Replays
Match Explorer
How It Works
Community
CoH3 Stats
Reddit
Sign in to upload your games and track your stats! →
Sign in with Steam
Match 44759174
Unlisted
Match 44759174
Overview
Messages
Build Orders
End
Pioneer Squad
Construct Infanterie Kompanie
Selects Breakthrough Battlegroup
Selects Assault Grenadiers
Grenadier Squad
MG 42 Machine Gun Team
Grenadier Squad
Infanterie Officer Quarters
Grenadier Squad
Construct Luftwaffe Kompanie
Selects Rapid Production
Jäger Squad
Support Elements
Selects Rapid Production
Selects Breakthrough
Wirbelwind Flakpanzer
MG 42 Machine Gun Team
Medical Bunker
Construct Panzer Kompanie
Panzer IV Medium Tank
Selects Incendiary Bombing Run
Incendiary Bombing Run
咚咚锵个腿
N7 SHARK
0
0
Comments
sign in to comment!
No comments posted yet!